 Dungeon Crawl Stone Soup version 0.26.1-11-gd32895ea62 (webtiles) character file.

Game seed: 14588364571033361478

240 GenialerGandalf the Chopper (level 6, -3/49 (53) HPs)
             Began as a Hill Orc Fighter on May 10, 2021.
             Killed from afar by an orc wizard (10 damage)
             ... with a magic dart
             ... on level 3 of the Dungeon.
             The game lasted 00:09:32 (3953 turns).

GenialerGandalf the Chopper (Hill Orc Fighter)      Turns: 3953, Time: 00:09:34

HP:   -3/49 (53)    AC:  7    Str: 21    XL:     6   Next: 8%
MP:   6/6           EV:  7    Int:  8    God:
Gold: 159           SH:  9    Dex: 10    Spells: 5/5 levels left

rFire    . . .     SeeInvis .   a - +0 war axe
rCold    . . .     Faith    .   c - +0 kite shield
rNeg     . . .     Spirit   .   b - +0 scale mail
rPois    .         Reflect  .   (no helmet)
rElec    .         Harm     .   (no cloak)
rCorr    .         Rampage  .   (no gloves)
Will     .....                  (no boots)
Stlth    ..........             (no amulet)
HPRegen  0.16/turn              (no ring)
MPRegen  0.10/turn              (no ring)

@: drained
A: no striking features
a: no special abilities


You were on level 3 of the Dungeon.
You visited 1 branch of the dungeon, and saw 4 of its levels.

You collected 159 gold pieces.

Inventory:

Hand Weapons
 a - a +0 war axe (weapon)
Armour
 b - a +0 scale mail (worn)
 c - a +0 kite shield (worn)
Jewellery
 f - a cursed ring of teleportation {unknown}
Scrolls
 i - a scroll of fog {unknown}
 j - a scroll of identify {unknown}
 k - 2 scrolls of amnesia
 l - 2 scrolls of remove curse {unknown}
 m - a scroll of noise
Potions
 d - a potion of might
 e - 2 potions of lignification {unknown}
 g - 2 potions of flight {unknown}
 h - 3 potions of curing {unknown}
 n - a potion of attraction {unknown}
 o - 2 potions of heal wounds {unknown}


   Skills:
 + Level 4.4 Fighting
 + Level 5.7 Axes
 + Level 4.2 Armour
 + Level 0.7 Dodging
 + Level 0.2 Stealth
 + Level 4.3 Shields


You had 5 spell levels left.
You didn't know any spells.
Your spell library was empty.

Dungeon Overview and Level Annotations

Branches:
Dungeon (4/15)
 Temple: D:4-7

Altars:
Okawaru

Annotations:
D:2 1 runed translucent door, Crazy Yiuf
D:3 3 runed translucent doors, manix's ghost, amateur DEFE


Message History

The orc wizard is heavily wounded.
You hit the orc wizard but do no damage.
The orc wizard casts a spell at you. You block the puff of frost.
The orc wizard barely misses you.
The orc wizard points at you and mumbles some strange words.
The puff of flame hits you!
The orc wizard hits you but does no damage.
You hit the orc wizard.
The orc wizard is severely wounded.
You hit the orc wizard.
The orc wizard points at you and mumbles some strange words.
The puff of flame hits you.
The orc wizard hits you with a +0 dagger of speed.
* * * LOW HITPOINT WARNING * * *
The orc wizard casts a spell at you. The puff of flame hits you.
* * * LOW HITPOINT WARNING * * *
The orc wizard casts a spell at you. The magic dart hits you!
You die...

..........# ######'#### #######
..# #...# #.....# #.# #.#.###
#####.....# ..# #.....#
#.........## #.##
#.#.#.###########.#.#.#.#.#.
...###......##...................
#....#.#.#...'..)......#.#.#.#.'.
..##.#.....###..@o..............#
.......##'####.o.......#.#.#.#..#
####.###....##..................#
####.# #....##......)>.#.#.#.#.##
.....# #....##......[†.........#
###### #....##........##########
..# #....########### ..# #....#
..# #....# ###


You could see 2 orc wizards.

Vanquished Creatures
  Terence (D:2)
  Jessica (D:2)
  2 orc wizards
  2 adders (D:2)
  3 gnolls
  2 oozes (D:1)
  An adder skeleton (D:4)
  2 worms (D:2)
  A dart slug (D:1)
  2 leopard geckos (D:1)
  6 orcs
  2 giant cockroaches
  3 goblins (D:2)
  5 hobgoblins
  3 jackals (D:2)
  11 kobolds
  2 quokkas
  A ball python (D:3)
  5 bats
  4 frilled lizards
  5 rats
64 creatures vanquished.

Vanquished Creatures (others)
  4 fungi (D:2)
4 creatures vanquished.

Grand Total: 68 creatures vanquished

Notes
Turn   | Place    | Note
-------+----------+-------------------------------------------
     0 | D:1      | GenialerGandalf the Hill Orc Fighter began the quest for
                  | the Orb.
     0 | D:1      | Reached XP level 1. HP: 19/19 MP: 1/1
   170 | D:1      | Reached skill level 3 in Axes
   296 | D:1      | Reached XP level 2. HP: 25/27 MP: 2/2
   621 | D:1      | Reached XP level 3. HP: 32/33 MP: 3/3
  1435 | D:1      | Reached skill level 4 in Axes
  1588 | D:1      | Reached XP level 4. HP: 36/40 MP: 4/4
  1833 | D:2      | Noticed Terence
  1842 | D:2      | Killed Terence
  1953 | D:2      | Found a runed translucent door.
  1954 | D:2      | Noticed Crazy Yiuf
  2019 | D:2      | Reached XP level 5. HP: 44/46 MP: 5/5
  2061 | D:2      | Reached skill level 5 in Axes
  2566 | D:2      | Noticed Jessica
  2578 | D:2      | Killed Jessica
  2828 | D:3      | Found an iron altar of Okawaru.
  3215 | D:3      | Found a runed translucent gate.
  3215 | D:3      | Found a runed translucent gate.
  3215 | D:3      | Found a runed translucent gate.
  3216 | D:3      | Noticed manix's ghost (amateur DEFE)
  3217 | D:3      | Identified the cursed +3 dagger "Ithiykh" {venom, Str+3}
  3218 | D:3      | Noticed a big kobold
  3622 | D:3      | Reached XP level 6. HP: 16/48 MP: 6/6
  3953 | D:3      | Killed from afar by an orc wizard

Illustrated notes

Levels and vault maps discovered:
D:1:      lightli_molten_gateway, layout_loops_ring, minmay_misc_feat_pillars
D:2:      layout_rooms, uniq_crazy_yiuf_cottage, uniq_terence, uniq_jessica
D:3:      layout_basic, serial_glass, glass_columns_c, glass_columns_a,
          glass_columns_a, glass_columns_c, glass_columns_b, glass_columns_a,
          gammafunk_ghost_nasty_kobolds, okawaru_ov_weapons_minmay
D:4:      layout_rooms, lemuel_statue_altar

Skill      XL: |  1  2  3  4  5 |
---------------+----------------+-----
Axes           | 3 4 5 |  5.7
Fighting       | 4 |  4.4
Shields        | 4 |  4.3
Armour         | 4 |  4.2
Dodging        | |  0.7
Stealth        | |  0.2

Action                   |  1- 3 |  4- 6 || total
-------------------------+-------+-------++-------
Melee: War axe           |    87 |   176 ||   263
  Use: Scroll            |       |     2 ||     2
Armor: Scale mail        |    49 |    85 ||   134
Dodge: Dodged            |    34 |    42 ||    76
Block: Kite shield       |    56 |   103 ||   159
